Match 44832537
Unlisted

Match 44832537
End
Construct Infanterie Kompanie
MG 42 Machine Gun Team
Selects Luftwaffe Battlegroup
Selects Luftwaffe Pioneer Support
MG 42 Machine Gun Team
Selects Flak 38 Anti-Air Emplacement
Fallschirmpioneer Squad Paradrop
Selects Stuka Strafing Run
Selects Flak 38 Anti-Air Emplacement
Construct Panzergrenadier Kompanie
Construct Luftwaffe Kompanie
Fallschirmpioneer Squad Paradrop
Support Elements
Selects Stuka Strafing Run
Stuka Strafing Run
Wirbelwind Flakpanzer
Selects Fallschirmjäger Squad Paradrop
Stuka Strafing Run
Stuka Strafing Run
Medical Bunker
Wirbelwind Flakpanzer
Stuka Strafing Run
Selects Flak 36 Anti-tank Gun Emplacement
Kettenkrad Recon Vehicle
Stuka Strafing Run
Selects Stuka Loiter
Fallschirmjäger Squad Paradrop
Construct Panzergrenadier Kompanie
Stuka Strafing Run
Kettenkrad Recon Vehicle
251 Medium Carrier
Stuka Strafing Run
Nebelwerfer 42 Rocket Launcher Team
Fallschirmjäger Squad Paradrop
Stuka Loiter
Stuka Strafing Run
Fallschirmpioneer Squad Paradrop
Stuka Strafing Run
Pioneer Squad
Stuka Strafing Run
Stuka Strafing Run
Stuka Loiter
Fallschirmjäger Squad Paradrop
Blue Semtex
AlexK
PROFL
DeFalko
Max1boy
Rodavlas
SneaKerz
gb_gbg
0
0

Comments sign in to comment!

No comments posted yet!